 Dungeon Crawl Stone Soup version 0.31-a0-968-g24f9ace8b5 (webtiles) character file.

Game seed: 14419068933724787740

291 sammy202020 the Trooper (level 6, -7/40 HPs)
             Began as a Gargoyle Berserker on Oct 28, 2023.
             Was a Believer of Trog.
             Killed by divine providence
             ... invoked by an orc priest
              (10 damage)
             ... on level 4 of the Dungeon.
             The game lasted 00:04:40 (3533 turns).

sammy202020 the Trooper (Gargoyle Berserker)        Turns: 3533, Time: 00:04:41

Health: -7/40      AC: 15    Str: 20    XL:     6   Next: 32%
Magic:  6/6        EV:  8    Int: 10    God:    Trog [**....]
Gold:   219        SH:  0    Dex:  9    Spells: 5/5 levels left

rFire   . . .        o - +0 flail
rCold   . . .        (no shield)
rNeg    + . .        i - +0 chain mail
rPois   ∞            b - +0 helmet
rElec   +            (no cloak)
rCorr   .            (no gloves)
SInv    +            (no boots)
Will    .....        (no amulet) Stlth
                     h - ring of see invisible
HPRegen 0.26/turn    (no ring)
MPRegen 0.10/turn

%: no passive effects
@: confused
A: sickness immunity, AC +4, negative energy resistance 1, electricity
resistance, torment resistance 1, petrification resistance
a: Renounce Religion, Berserk, Trog's Hand


You were on level 4 of the Dungeon.
You worshipped Trog.
Trog was pleased with you.
You visited 1 branch of the dungeon, and saw 4 of its levels.

You collected 219 gold pieces.

Inventory:

Hand Weapons
 a - a +0 mace
 o - a +0 flail (weapon)
Armour
 b - a +0 helmet (worn)
 i - a +0 chain mail (worn)
Jewellery
 e - an amulet of magic regeneration
 h - a ring of see invisible (left hand)
Wands
 n - a wand of polymorph (4)
Scrolls
 c - a scroll of torment
 m - a scroll of revelation
 p - a scroll of enchant armour {unknown}
 q - a scroll of teleportation
Potions
 f - 2 potions of cancellation
 g - a potion of ambrosia {unknown}
 j - a potion of berserk rage
 k - a potion of resistance
 l - a potion of mutation {unknown}


   Skills:
 * Level 4.9 Fighting
 * Level 4.3 Maces & Flails
 * Level 4.1 Armour
 + Level 2.5 Dodging


You had 5 spell levels left.
You didn't know any spells.
Your spell library was empty.

Dungeon Overview and Level Annotations

Branches:
Dungeon (4/15)
 Temple: D:4-7

Altars:
Cheibriados

Shops:
D:1 (

Annotations:
D:3 3 runed translucent doors, Gormless's ghost, novice DrSh


Innate Abilities, Weirdness & Mutations

You are immune to sickness and miasma.
Your stone body is resilient. (AC +4)
You are immune to poison.
You resist negative energy. (rN+)
You are resistant to electric shocks. (rElec)
You are resistant to unholy torment.
You are immune to petrification.


Message History

The orc wizard casts a spell at you.
You are confused.
You are too confused!
You are too confused!
You are too confused!
You are too confused!
You bump into the rock wall.
The orc wizard casts a spell at you. The magic dart hits you.
The orc wizard gestures wildly while chanting.
The orc wizard flickers and vanishes for a moment.
The orc wizard points at you and mumbles some strange words.
You resist with some effort. The orc wizard completely misses you.
You bump into the rock wall.
The orc priest barely misses you. The orc wizard closely misses you.
The orc wizard hits you but does no damage.
You bump into the rock wall.
The orc priest barely misses you.
The orc wizard hits you but does no damage. x2
You barely miss the orc priest.
The orc priest calls down the wrath of Beogh upon you.
Beogh smites you!
* * * LOW HITPOINT WARNING * * *
The orc wizard points at you and mumbles some strange words.
You resist with some effort.
The orc wizard hits you but does no damage.
The orc priest barely misses you.
You feel better. The orc wizard casts a spell at you.
The puff of flame hits you.
* * * LOW HITPOINT WARNING * * *
The orc wizard casts a spell at you.
You are confused.
The orc priest mumbles some strange prayers to Beogh against you.
You barely resist. You completely miss the orc priest.
The orc wizard barely misses you.
The orc wizard points at you and mumbles some strange words.
You resist with some effort.
The orc priest mumbles some strange prayers to Beogh against you.
Beogh smites you!
You die...

#####.######## ...
#............# ...
#.###.#..###.# #.# #.#
#.#..# #.# #.# #.# #.#..#
#.# # #.# #.# #....# #.##
##. #.# #.# ###..###.##
###...#o###.#####...##.#.
......oo@..............'.
###...#o###.........####.
##. #.# ######...## ## ..
..# #...# # .# #### #...#
# ##.## #.# #.# #.#


You could see an orc priest and 3 orc wizards.

Vanquished Creatures
  A hound (D:4)
  An orc priest (D:4)
  Natasha (thrice) (D:3)
  An orc wizard (D:4)
  Robin (D:3)
  5 adders
  2 dart slugs (D:1)
  3 orcs (D:4)
  7 ball pythons
  6 bats
  3 endoplasms
  3 giant cockroaches
  10 goblins
  9 hobgoblins
  7 quokkas
  5 frilled lizards
  7 kobolds
  4 rats
78 creatures vanquished.

Notes
Turn   | Place    | Note
-------+----------+-------------------------------------------
     0 | D:1      | sammy202020 the Gargoyle Berserker began the quest for the
                  | Orb.
     0 | D:1      | Reached XP level 1. HP: 14/14 MP: 1/1
    92 | D:1      | Reached XP level 2. HP: 19/19 MP: 2/2
   161 | D:1      | Found a faded altar of an unknown god.
   241 | D:1      | Reached XP level 3. HP: 19/24 MP: 3/3
   721 | D:1      | Reached ** piety under Trog
   787 | D:1      | Found Desaca Gui's Antique Weapon Emporium.
  1449 | D:2      | Found a snail-covered altar of Cheibriados.
  1634 | D:2      | Identified the +1 hand axe of Upyubep {drain, rElec rPois
                  | Will-}
  1968 | D:3      | Reached XP level 4. HP: 22/29 MP: 4/4
  2016 | D:3      | Noticed Natasha
  2027 | D:3      | Killed Natasha
  2126 | D:3      | Noticed Robin
  2144 | D:3      | Killed Robin
  2336 | D:3      | Noticed Natasha
  2343 | D:3      | Killed Natasha
  2344 | D:3      | Reached XP level 5. HP: 32/34 MP: 5/5
  2388 | D:3      | Found a runed translucent gate.
  2388 | D:3      | Found a runed translucent gate.
  2388 | D:3      | Found a runed translucent gate.
  2392 | D:3      | Noticed Gormless's ghost (novice DrSh)
  2392 | D:3      | Identified the +2 whip "Dourch Neehi" {drain, Int+4}
  2392 | D:3      | Identified the +2 leather armour "Kajo" {rElec Int-3 Dex+2}
  2542 | D:3      | Noticed Natasha
  2554 | D:3      | Killed Natasha
  3129 | D:4      | Reached XP level 6. HP: 20/39 MP: 6/6
  3531 | D:4      | HP: 2/40 [orc priest/divine providence (16)]
  3533 | D:4      | Killed from afar by an orc priest

Illustrated notes

Levels and vault maps discovered:
D:1:      sevenhm_arrival_forest_fort_small_3, layout_basic, serial_shops, shop,
          basic_ecumenical_altar
D:2:      layout_loops_corners, basic_altar, hangedman_feature_mirror,
          chequers_avenue
D:3:      layout_basic, biasface_ghost_orc_armoury, uniq_natasha, uniq_robin
D:4:      layout_loops_corners

Skill      XL: |  1  2  3  4  5 |
---------------+----------------+-----
Armour         | 3 4 |  4.1
Dodging        | 2 |  2.5
Fighting       | 4 |  4.9
Maces & Flails | 4 |  4.3

Action                     |  1- 3 |  4- 6 || total
---------------------------+-------+-------++-------
  Melee: Mace              |   130 |   148 ||   278
         Punch             |     1 |     2 ||     3
         Unarmed           |       |     2 ||     2
         Flail             |       |    17 ||    17
 Invoke: Berserk           |       |     3 ||     3
    Use: Scroll            |     6 |     2 ||     8
         Potion            |       |     1 ||     1
 Armour: Animal skin       |    71 |     4 ||    75
         Chain mail        |    14 |   159 ||   173
         Skin              |       |     4 ||     4
  Dodge: Dodged            |    88 |   105 ||   193

Table legend: (Time is in decaauts)
 A = Elapsed time spent in this place.
 B = Non-inter-level travel time spent in this place.
 C = Inter-level travel time spent in this place.
 D = Time resting spent in this place.
 E = Time spent auto-exploring this place.
 F = Levels seen in this place.
 G = Mean time per level.
                   A        B        C        D        E       F      G
               +--------+--------+--------+--------+--------+-----+--------+
         Total |   3640 |   3571 |     69 |     87 |   2718 |   4 |  910.0 |
       Dungeon |   3640 |   3571 |     69 |     87 |   2718 |   4 |  910.0 |
               +--------+--------+--------+--------+--------+-----+--------+

Top non-repeatable levels by time:
     D:3: 1061 daAuts
     D:2: 1003 daAuts
     D:1: 988 daAuts
     D:4: 588 daAuts
